 Dungeon Crawl Stone Soup version bcrawl-1.17.3 (webtiles) character file.

Game seed: 17776893905874041192

13119 Chiseanne the Fighter (level 11, -2/90 HPs)
             Began as a Mummy Archaeologist on Oct 25, 2019.
             Was an Initiate of Gozag.
             Killed from afar by a fire dragon (35 damage)
             ... with a blast of flame
             ... on level 9 of the Dungeon.
             The game lasted 00:20:36 (8369 turns).

Chiseanne the Fighter (Mummy Archaeologist)         Turns: 8369, Time: 00:20:37

Health: -2/90      AC: 20    Str: 18    XL:     11   Next: 71%
Magic:  27/27      EV: 11    Int: 21    God:    Gozag
Gold:   768        SH:  0    Dex: 11    Spells: 17/18 levels left

rFire    . . .     SeeInvis +   a - +5 pair of quick blades "Gyre" and "Gimble" {pierce}
rCold    + . .     Gourm    .   (shield currently unavailable)
rNeg     + + +     Faith    .   k - +1 chain mail {rF+}
rPois    ∞         Spirit   .   B - +3 hat of Pondering {ponderous, MR+ MP+10 Int+5}
rElec    .         Reflect  .   x - +2 cloak
rCorr    .         Harm     .   (no gloves)
MR       ++...     Clarity  +   t - +0 pair of boots {run}
Stlth    ..........             v - amulet of regeneration
HPRegen  0.65/turn              u - ring of see invisible
MPRegen  0.20/turn              e - +3 ring of strength

@: no status effects
A: no food or potions, fire vulnerability, clarity, cold resistance 1, negative
energy resistance 3, torment resistance, unbreathing
a: Potion Petition, Call Merchant, Bribe Branch, Renounce Religion


You were on level 9 of the Dungeon.
You worshipped Gozag.
Gozag was pleased with you.
You were not hungry.

You visited 2 branches of the dungeon, and saw 10 of its levels.

You collected 1784 gold pieces.
You spent 504 gold pieces at shops.
You paid 512 gold pieces to Gozag.

Inventory:

Hand Weapons
 a - the +5 pair of quick blades "Gyre" and "Gimble" (weapon) {pierce}

   It inflicts extra damage upon your enemies.
 c - a +4 scimitar of flaming
 d - the +7 battleaxe "Plog" {chop, *Rage +Inv Str+3}
   (You found it on level 7 of the Dungeon)

   It inflicts extra damage upon your enemies.
   It affects your strength (+3).
   It lets you turn invisible.
   It may make you go berserk in combat.
 f - a +6 flail of protection
 g - a +0 blowgun
 s - a +0 dagger of venom
Missiles
 b - 1027 arrows
 i - 1765 stones (quivered)
 j - 50 needles of confusion
 m - 685 sling bullets
 n - 568 poisoned needles
 p - 171 bolts
 q - 154 tomahawks
Armour
 k - a +1 chain mail of fire resistance (worn)
 t - a +0 pair of boots of running (worn)
 x - a +2 cloak (worn)
 B - the +3 hat of Pondering (worn) {ponderous, MR+ MP+10 Int+5}
   (You took it off Gastronok on level 8 of the Dungeon)

   It affects your intelligence (+5).
   It affects your resistance to hostile enchantments.
   It affects your magic capacity (+10).
Magical Staves
 h - an uncursed staff of wizardry
Jewellery
 e - a +3 ring of strength (right hand)
 u - a ring of see invisible (left hand)
 v - an amulet of regeneration (around neck)
Wands
 o - a wand of iceblast (1)
 y - a wand of enslavement (9)
 A - a wand of random effects (5)
Scrolls
 l - 7 scrolls of remove curse
 r - 2 scrolls of teleportation
 w - 2 scrolls of blinking
 z - a scroll of identify
 C - a scroll of amnesia
 D - a scroll of fog


   Skills:
 - Level 10.0 Fighting
 - Level 5.8 Short Blades
 - Level 0.7 Maces & Flails
 * Level 8.9 Armour
 * Level 9.3 Dodging
 - Level 2.6 Stealth
 * Level 4.0 Spellcasting


You had 17 spell levels left.
You knew the following spells:

 Your Spells              Type           Power        Failure   Level  Hunger
a - Magic Dart            Conj           #...         73%         1    N/A

Your spell library contained the following spells:

 Spells                   Type           Power        Failure   Level  Hunger
 Flame Tongue             Conj/Fire      #....        73%         1    N/A
 Infusion                 Chrm           #.......     73%         1    N/A
 Slow                     Hex            #.......     73%         1    N/A
 Summon Small Mammal      Summ           #...         73%         1    N/A
 Blink                    Tloc           N/A          86%         2    N/A
 Call Imp                 Summ           #.......     86%         2    N/A
 Flaming Arrows           Chrm/Fire      #.......     86%         2    N/A
 Searing Ray              Conj           #.....       86%         2    N/A
 Song of Slaying          Chrm           #.......     86%         2    N/A
 Call Canine Familiar     Summ           #.......     97%         3    N/A
 Conjure Flame            Conj/Fire      #.......     97%         3    N/A
 Inner Flame              Hex/Fire       N/A          97%         3    N/A
 Iskenderun's Mystic Bla  Conj           #.......     97%         3    N/A
 Mephitic Cloud           Conj/Pois/Air  #.......     97%         3    N/A
 Ozocubu's Armour         Chrm/Ice       #.......     97%         3    N/A
 Spectral Weapon          Hex/Chrm       #.......     97%         3    N/A
 Fulminant Prism          Conj/Hex       #.........   100%        4    N/A
 Sticky Flame             Conj/Fire      #.......     100%        4    N/A
 Summon Ice Beast         Ice/Summ       #.......     100%        4    N/A
 Fireball                 Conj/Fire      #.........   100%        5    N/A
 Irradiate                Conj/Tmut      #.........   100%        5    N/A
 Summon Lightning Spire   Summ/Air       #.......     100%        5    N/A
 Regeneration             Chrm/Necr      Unusable     N/A         3    N/A

Dungeon Overview and Level Annotations

Branches:
Dungeon (9/12)             Temple (1/1) D:4            Lair (0/6) D:9
    Orc (0/1) D:8

Altars:
Cheibriados
Dithmenos
Elyvilon
Fedhas
Gozag
Hepliaklqana
Kikubaaqudgha
Lugonu
Qazlal
Ru
Sif Muna
Trog
Uskayaw
Vehumet
Wu Jian
Xom
Yredelemnul
Zin
The Shining One
Beogh

Shops:
D:5 [

Annotations:
D:2 1 exclusion
D:4 3 runed translucent doors, Gumption's ghost, amateur FrWz


Innate Abilities, Weirdness & Mutations

You do not eat or drink.
Your flesh is vulnerable to fire.
You are immune to poison.
You possess an exceptional clarity of mind.
Your flesh is cold resistant. (rC+)
You are immune to negative energy. (rN+++)
You are immune to unholy pain and torment.
You can survive without breathing.


Message History

Press: ? - help, Shift-Dir - straight line, f/p - fire dragon
Aim: a fire dragon (inner flame)
The bolt of poison hits the fire dragon.
The fire dragon is poisoned.
The fire dragon is lightly wounded.
The fire dragon breathes flames at you. The blast of flame hits you!
Evoke which item? (* to show all) (? for menu, Esc to quit)
Aiming: Random Effects
Press: ? - help, Shift-Dir - straight line, f/p - fire dragon
Aim: a fire dragon (poisoned, catching its breath, inner flame)
The mass of ice explodes!
The iceblast engulfs the fire dragon.
The fire dragon is lightly wounded.
The fire dragon breathes flames at you. The blast of flame hits you!
* * * LOW HITPOINT WARNING * * *
The fire dragon breathes flames at you. The blast of flame hits you!
You die...
Your body crumbles into a pile of gold.

#......######D.# #.###
................# #.#
.##........###..# #.#
#.......D# #..# #.#
##..##...###..###.# #..
####.........# #.>
#.........###
..####.#####D...........
.......@.........###..##
#..............)........
#.###...#######..###..##
#...# #..# #..# #...#
#..# #..# #...# #..#
#..# #...# ####..# #..#
##### #.....# #..#
#.....# #..#


You could see a fire dragon (inner flame).

Vanquished Creatures
  Gastronok (D:8)
  2 centaur warriors
  Erica (D:8)
  Joseph (D:8)
  A kobold demonologist (D:9)
  2 tengu conjurers (D:8)
  Grinder (D:4)
  A hippogriff (D:6)
  9 yaks (D:9)
  Eustachio (D:4)
  Edmund (D:5)
  A soldier ant (D:9)
  Duvessa (D:5)
  2 orc warriors
  2 ice beasts
  A necrophage (D:8)
  A hornet zombie (D:4)
  4 phantoms
  6 sky beasts
  11 ogres
  2 centaurs
  Blork the orc (D:5)
  7 bullfrogs
  Dowan (D:5)
  3 scorpions
  8 killer bees
  2 crimson imps
  6 orc priests
  A gnoll shaman (D:5)
  2 hounds (D:8)
  8 orc wizards
  A centaur skeleton (D:4)
  3 iguanas
  5 worker ants
  3 hound skeletons
  12 gnolls
  5 adders
  An ooze (D:2)
  5 worms
  2 dart slugs (D:2)
  8 leopard geckos
  33 orcs
  3 giant cockroaches
  4 goblins
  5 hobgoblins
  11 jackals
  4 quokkas
  2 ball pythons
  4 bats (D:1)
  5 frilled lizards
  10 kobolds
  2 quokka skeletons
  7 rats
226 creatures vanquished.

Notes
Turn   | Place    | Note
-------+----------+-------------------------------------------
     0 | D:1      | Chiseanne the Mummy Archaeologist began the quest for the
                  | Orb.
     0 | D:1      | Reached XP level 1. HP: 15/15 MP: 1/1
   358 | D:1      | Reached XP level 2. HP: 21/21 MP: 2/2
   771 | D:2      | Found a faded altar of an unknown god.
   895 | D:2      | Reached skill level 2 in Fighting
   895 | D:2      | Reached skill level 1 in Armour
   895 | D:2      | Reached XP level 3. HP: 27/27 MP: 3/3
  1060 | D:2      | Reached XP level 4. HP: 27/33 MP: 4/4
  1949 | D:3      | Noticed a sky beast
  2110 | D:3      | Killed a sky beast
  2110 | D:3      | Reached skill level 5 in Short Blades
  2110 | D:3      | Reached XP level 5. HP: 29/38 MP: 5/5
  2337 | D:4      | Noticed a phantom
  2372 | D:4      | Noticed Eustachio
  2733 | D:4      | Noticed an ogre
  2740 | D:4      | Killed an ogre
  2740 | D:4      | Reached XP level 6. HP: 45/45 MP: 6/6
  2755 | D:4      | Found a runed translucent gate.
  2756 | D:4      | Found a runed translucent gate.
  2756 | D:4      | Identified the cursed +2 dagger "Lulun" {elec, rF+ rN+
                  | Str-4}
  2756 | D:4      | Identified the +1 chain mail of Sihov {rElec Regen+ Str+4
                  | Slay+2}
  2756 | D:4      | Noticed Gumption's ghost (amateur FrWz)
  2756 | D:4      | Identified the +5 scimitar of Kindness {slice, rC+}
  2756 | D:4      | Noticed an orc warrior
  2757 | D:4      | Found a roughly hewn altar of Beogh.
  2757 | D:4      | Found a runed translucent gate.
  2791 | D:4      | Noticed Grinder
  3070 | D:4      | Found a staircase to the Ecumenical Temple.
  3073 | D:4      | Noticed a sky beast
  3134 | D:3      | Killed a sky beast
  3134 | D:3      | Reached skill level 3 in Fighting
  3134 | D:3      | Reached XP level 7. HP: 23/52 MP: 7/7
  3319 | D:4      | Killed Eustachio
  3369 | Temple   | Entered the Ecumenical Temple
  3468 | Temple   | Became a worshipper of Gozag Ym Sagoz the Greedy
  3638 | D:4      | Reached skill level 4 in Fighting
  3770 | D:4      | Reached XP level 8. HP: 61/61 MP: 8/8
  4013 | D:4      | Killed Grinder
  4013 | D:4      | Reached skill level 5 in Fighting
  4111 | D:5      | Entered Level 5 of the Dungeon
  4144 | D:5      | Reached skill level 5 in Dodging
  4180 | D:5      | Noticed Blork the orc
  4196 | D:5      | Killed Blork the orc
  4244 | D:5      | Reached skill level 6 in Fighting
  4296 | D:5      | Reached XP level 9. HP: 29/69 MP: 9/9
  4548 | D:5      | Reached skill level 5 in Armour
  4645 | D:5      | Noticed Edmund
  4667 | D:5      | Killed Edmund
  4706 | D:5      | Found a shadowy altar of Dithmenos.
  4776 | D:5      | Noticed Dowan
  4777 | D:5      | Noticed Duvessa
  4910 | D:6      | Found a shimmering blue altar of Sif Muna.
  4936 | D:5      | Found a shimmering altar of Xom.
  5256 | D:5      | Killed Duvessa
  5262 | D:5      | Killed Dowan
  5584 | D:6      | Learned a level 1 spell: Magic Dart
  5601 | D:6      | Found an ancient bone altar of Kikubaaqudgha.
  5607 | D:6      | Reached skill level 7 in Fighting
  5661 | D:6      | Found a glowing golden altar of the Shining One.
  5696 | D:6      | Found a radiant altar of Vehumet.
  6190 | D:6      | Found a bloodstained altar of Trog.
  6206 | D:6      | Found a corrupted altar of Lugonu.
  6207 | D:6      | Found a basalt altar of Yredelemnul.
  6335 | D:5      | Bought a +0 pair of boots of running for 504 gold pieces
  6667 | D:7      | Reached XP level 10. HP: 68/80 MP: 10/10
  6716 | D:7      | Got a brightly glowing battleaxe
  6717 | D:7      | Identified the +7 battleaxe "Plog" {chop, *Rage +Inv Str+3}
                  | (You found it on level 7 of the Dungeon)
  6802 | D:7      | Reached skill level 8 in Fighting
  7188 | D:8      | Noticed Gastronok
  7210 | D:8      | Killed Gastronok
  7210 | D:8      | Reached skill level 9 in Fighting
  7210 | D:8      | Reached XP level 11. HP: 61/89 MP: 11/11
  7306 | D:8      | Found a staircase to the Orcish Mines.
  7396 | D:8      | Noticed Erica
  7406 | D:8      | Killed Erica
  7590 | D:8      | Noticed Joseph
  7608 | D:8      | Killed Joseph
  7879 | D:8      | Noticed a centaur warrior
  7889 | D:8      | Killed a centaur warrior
  7889 | D:8      | Reached skill level 10 in Fighting
  7996 | D:9      | Noticed a centaur warrior
  8001 | D:9      | Killed a centaur warrior
  8001 | D:9      | Reached skill level 1 in Spellcasting
  8202 | D:9      | Found a staircase to the Lair.
  8343 | D:9      | Noticed a fire dragon
  8369 | D:9      | Killed from afar by a fire dragon

Skill      XL: |  1  2  3  4  5  6  7  8  9 10 11 |
---------------+----------------------------------+-----
Fighting       | 2 3 4 6 7 9 10 | 10.0
Armour         | 1 2 3 4 6 7 8 |  8.9
Short Blades   | 2 5 |  5.8
Dodging        | 3 4 5 7 8 9 |  9.3
Spellcasting   | 4 |  4.0
Maces & Flails | |  0.7
Stealth        | |  2.6

Action                   |  1- 3 |  4- 6 |  7- 9 | 10-12 || total
-------------------------+-------+-------+-------+-------++-------
Melee: Whip              |    86 |       |       |       ||    86
       Mace              |    61 |   155 |       |       ||   216
       Dagger            |       |    46 |    46 |     4 ||    96
       Pair of quick bla |       |    20 |   273 |   225 ||   518
       Battleaxe         |       |       |       |     7 ||     7
Invok: Call Merchant     |       |       |     1 |       ||     1
Evoke: Wand              |       |     7 |    20 |     5 ||    32
  Use: Scroll            |     5 |     8 |     4 |     2 ||    19
 Stab: Distracted        |       |       |       |     1 ||     1
       Confused          |       |       |       |     1 ||     1
Armor: Ring mail         |    37 |       |       |       ||    37
       Robe              |     4 |       |       |       ||     4
       Chain mail        |    52 |   153 |   122 |    53 ||   380
Dodge: Dodged            |    82 |    82 |    93 |    47 ||   304
